 Dungeon Crawl Stone Soup version 0.25-a0-189-gf71692caf1 (webtiles) character file.

Game seed: 16155697727240599356, levelgen mode: deterministic

53132 floatRand the Severer (level 15, -1/113 HPs)
             Began as a Formicid Fighter on Nov 29, 2019.
             Was the Champion of Wu Jian.
             Slain by an eight-headed hydra (5 damage)
             ... on level 6 of the Lair of Beasts.
             The game lasted 00:35:13 (17595 turns).

floatRand the Severer (Formicid Fighter)           Turns: 17595, Time: 00:35:14

Health: -1/113     AC: 11    Str: 23    XL:     15   Next: 8%
Magic:  18/18      EV: 21    Int: 10    God:    Wu Jian [******]
Gold:   781        SH: 14    Dex: 15    Spells: 12/14 levels left

rFire    + . .     SeeInvis +   A - +3 dire flail
rCold    + . .     Gourm    .   z - +2 shield
rNeg     . . .     Faith    .   r - +2 leather armour "Foutocla" {rC++ Regen+ SInv}
rPois    +         Spirit   .   (helmet unavailable)
rElec    .         Reflect  .   v - +0 cloak
rCorr    .         Harm     .   G - +2 pair of gloves
MR       +....                  i - +1 pair of boots
Stlth    ++++++....             w - amulet of regeneration
HPRegen  1.08/turn              E - ring of Jaozuc {Fire -Tele rPois Str+3 Stlth+}
MPRegen  0.16/turn              g - +3 ring of evasion

@: no status effects
A: permanent stasis, dig shafts and tunnels, four strong arms, antennae 3
a: Dig, Shaft Self, Wall Jump, Serpent's Lash, Heavenly Storm, Renounce Religion


You were on level 6 of the Lair of Beasts.
You worshipped Wu Jian.
Wu Jian was exalted by your worship.
You were not hungry.

You visited 2 branches of the dungeon, and saw 18 of its levels.

You collected 1178 gold pieces.
You spent 397 gold pieces at shops.

Inventory:

Hand Weapons
 a - a +1 war axe of chopping
 n - a +1 mace of holy wrath
 A - a +3 dire flail (weapon)
 D - a +1 hand axe of electrocution
Armour
 i - a +1 pair of boots (worn)
 r - the +2 leather armour "Foutocla" (worn) {rC++ Regen+ SInv}
   (You found it on level 4 of the Dungeon)

   It greatly protects you from cold.
   It lets you see invisible.
   It increases your rate of regeneration.
 v - a +0 cloak (worn)
 z - a +2 shield (worn)
 G - a +2 pair of gloves (worn)
Jewellery
 g - a +3 ring of evasion (right hand)
 w - an amulet of regeneration (around neck)
 E - the ring of Jaozuc (left hand) {Fire -Tele rPois Str+3 Stlth+}
   (You bought it in a shop on level 12 of the Dungeon)

   [ring of fire]

   It enhances your fire magic.
   It affects your strength (+3).
   It protects you from fire.
   It makes you vulnerable to cold.
   It protects you from poison.
   It prevents most forms of teleportation.
   It makes you more stealthy.
 M - an uncursed ring of protection from cold
Wands
 p - a wand of paralysis (6)
 s - a wand of polymorph (37)
 t - a wand of flame (35)
 x - a wand of digging (9)
 C - a wand of enslavement (4)
Scrolls
 b - a scroll of identify
 j - 10 scrolls of remove curse
 y - 3 scrolls of enchant armour
 J - a scroll of brand weapon
 L - 3 scrolls of magic mapping
 O - a scroll of fog
 Q - a scroll of enchant weapon
 R - a scroll of amnesia
Potions
 c - a potion of heal wounds
 d - 5 potions of might
 e - 2 potions of degeneration {unknown}
 h - 3 potions of curing
 k - 2 potions of magic {unknown}
 l - 2 potions of cancellation
 m - 3 potions of agility
 q - a potion of brilliance
 B - a potion of invisibility
 F - 3 potions of flight
 I - 2 potions of lignification {unknown}
 P - a potion of mutation
Miscellaneous
 H - a sack of spiders
Comestibles
 f - 37 rations
 N - 2 chunks of flesh


   Skills:
 - Level 9.1 Fighting
 + Level 15.8 Axes
 - Level 3.6 Armour
 - Level 10.0 Dodging
 + Level 14.2 Stealth
 - Level 9.0 Shields
 + Level 1.8 Charms
 - Level 4.5 Evocations


You had 12 spell levels left.
You knew the following spells:

 Your Spells              Type           Power        Failure   Level  Hunger
a - Swiftness             Chrm/Air       #.......     41%         2    ###....

Your spell library contained the following spells:

 Spells                   Type           Power        Failure   Level  Hunger
 Shock                    Conj/Air       #...         41%         1    ##.....
 Summon Small Mammal      Summ           #...         41%         1    ##.....
 Call Imp                 Summ           #.......     54%         2    ###....
 Call Canine Familiar     Summ           #.......     78%         3    ####...
 Static Discharge         Conj/Air       #.......     78%         3    ####...
 Summon Guardian Golem    Hex/Summ       #.......     78%         3    ####...
 Airstrike                Air            #.........   99%         4    #####..
 Summon Ice Beast         Ice/Summ       #.......     99%         4    #####..
 Summon Lightning Spire   Summ/Air       #.......     99%         4    #####..
 Lightning Bolt           Conj/Air       #.........   100%        5    ######.


Dungeon Overview and Level Annotations

Branches:
Dungeon (12/15)            Temple (0/1) D:5            Lair (6/6) D:11
 Shoals (0/4) Lair:4       Spider (0/4) Lair:3          Orc (0/2) D:10
  Slime: Lair:5-6

Altars:
Elyvilon
Gozag
Kikubaaqudgha
Makhleb
Nemelex Xobeh
Okawaru
Uskayaw
Vehumet
Wu Jian
Xom
Yredelemnul

Shops:
D:5 (   D:12 =

Portals:
Trove: D:10 (give 13 potions of heal wounds)

Annotations:
Lair:6 exclusion: 2 oklob plants


Innate Abilities, Weirdness & Mutations

You cannot be hasted, slowed, berserked, paralysed or teleported.
You can dig through walls and to a lower floor.
Your four strong arms can wield two-handed weapons with a shield.
You have a pair of large antennae on your head. (SInv)


Message History

You block the eight-headed hydra's attack.
The eight-headed hydra bites you!
* * * LOW HITPOINT WARNING * * *
The eight-headed hydra bites you!
* * * LOW HITPOINT WARNING * * *
The eight-headed hydra bites you.
* * * LOW HITPOINT WARNING * * *
The eight-headed hydra completely misses you.
The eight-headed hydra bites you but does no damage.
The eight-headed hydra misses you.
The eight-headed hydra closely misses you.
Unknown command.
Unknown command.
Okay, then.
You sock the eight-headed hydra!
The eight-headed hydra is almost dead.
The eight-headed hydra bites you!
* * * LOW HITPOINT WARNING * * *
The eight-headed hydra bites you.
You die...

......÷...#..........# ####
....#.÷...##.........##.#.#
.....#†.............P#...#
......<.........÷.#.....P#
...............###.#...###
........##......###...P#
.......###.....## #...##
......## ##..Yh######.##
.......# ##..#D@##.P..##
.......# #...F####P..P.#
........# #.....##......#
........# #............##
.....P. ..^PP...........#
..PP...#.##......##
......P###....P...# ......#
###.##...# ##.#..
###..######


You could see an eight-headed hydra, an elephant, a spiny frog and a wolf.

Vanquished Creatures
  Harold (D:7)
  2 hydras
  An ogre mage (D:12)
  2 catoblepae
  4 two-headed ogres
  A death yak (Lair:4)
  2 lindwurms
  2 cyclopes
  An ugly thing (D:12)
  8 elephants
  A faun (Lair:6)
  A merfolk siren (Lair:4)
  3 black mambas
  8 spiny frogs
  4 rime drakes (Lair:6)
  8 komodo dragons
  3 meliai (Lair:4)
  A queen bee (Lair:4)
  3 polar bears (Lair:6)
  A jumping spider (Lair:3)
  A troll (D:7)
  Grinder (D:5)
  A merfolk (Lair:4)
  4 hornets
  Prince Ribbit (D:5)
  A wind drake (Lair:6)
  3 slime creatures (D:12)
  6 dream sheep (Lair:3)
  21 blink frogs
  14 hippogriffs
  A shadow (D:12)
  2 wyverns
  31 yaks
  A hungry ghost (D:8)
  6 basilisks
  3 wargs (D:10)
  An acid dragon (D:11)
  11 porcupines
  16 water moccasins
  6 orc warriors
  3 ice beasts
  5 sky beasts
  A necrophage (D:11)
  A phantom (D:3)
  2 eyes of draining
  4 centaurs
  14 ogres
  47 wolves
  16 crocodiles
  2 big kobolds
  13 bullfrogs
  A water moccasin skeleton (D:5)
  A scorpion (D:12)
  3 wights (D:10)
  40 killer bees
  2 howler monkeys
  2 electric eels (Lair:3)
  7 crimson imps
  3 lava snakes (D:10)
  A centaur zombie (D:10)
  7 hounds
  3 jellies (D:10)
  7 orc priests
  4 bullfrog skeletons
  3 centaur skeletons
  A gnoll shaman (D:9)
  3 iguanas
  8 orc wizards
  A hell rat (Lair:4)
  9 worker ants
  A hound skeleton (D:7)
  2 hound zombies
  Robin (D:3)
  11 adders
  17 gnolls
  A howler monkey skeleton (D:8)
  2 shadow imps
  6 oozes
  3 adder skeletons
  A worm (D:2)
  A dart slug (D:1)
  3 leopard geckos
  47 orcs
  A bat zombie (D:6)
  6 giant cockroaches
  19 goblins
  7 hobgoblins
  9 jackals
  10 kobolds
  3 quokkas
  A ball python (D:1)
  5 bats
  8 frilled lizards
  4 rats
  A fungus (Lair:6)
  4 plants
576 creatures vanquished.

Vanquished Creatures (others)
  3 bushes (D:11)
  17 fungi
  40 plants
60 creatures vanquished.

Grand Total: 636 creatures vanquished

Notes
Turn   | Place    | Note
-------+----------+-------------------------------------------
     0 | D:1      | floatRand the Formicid Fighter began the quest for the Orb.
     0 | D:1      | Reached XP level 1. HP: 18/18 MP: 1/1
    72 | D:1      | Reached XP level 2. HP: 23/24 MP: 2/2
   195 | D:1      | Reached XP level 3. HP: 27/29 MP: 3/3
   861 | D:2      | HP: 1/30 [gnoll/+0 halberd (8)]
  1195 | D:2      | Reached XP level 4. HP: 27/37 MP: 4/4
  1597 | D:2      | Reached skill level 3 in Axes
  2207 | D:3      | Reached XP level 5. HP: 42/42 MP: 5/5
  2229 | D:3      | Noticed Robin
  2244 | D:3      | Killed Robin
  2290 | D:3      | Reached skill level 4 in Axes
  2560 | D:3      | Found a white marble altar of Elyvilon.
  2630 | D:3      | Reached skill level 5 in Shields
  2665 | D:3      | Found an opulent altar of Gozag.
  2668 | D:3      | Found an ornate altar of the Wu Jian Council.
  2670 | D:3      | Found a radiant altar of Vehumet.
  2677 | D:3      | Became a worshipper of the Wu Jian Council
  2889 | D:3      | Reached XP level 6. HP: 16/48 MP: 6/6
  3136 | D:3      | Reached skill level 1 in Stealth
  3544 | D:4      | Noticed a phantom
  3609 | D:3      | Killed a phantom
  3609 | D:3      | Reached skill level 5 in Axes
  3609 | D:3      | Reached XP level 7. HP: 21/53 MP: 7/7
  3809 | D:4      | Found a sparkling altar of Nemelex Xobeh.
  3973 | D:4      | You fall into a shaft and drop 3 floors!
  3974 | D:7      | Noticed a troll
  4146 | D:5      | Entered Level 5 of the Dungeon
  4146 | D:5      | Found Vitoxt's Antique Weapon Shop.
  4146 | D:5      | Noticed Prince Ribbit
  4392 | D:4      | Got a faintly glowing leather armour
  4393 | D:4      | Identified the +2 leather armour "Foutocla" {rC++ Regen+
                  | SInv} (You found it on level 4 of the Dungeon)
  4457 | D:4      | HP: 2/53 [killer bee (5)]
  4458 | D:4      | Reached skill level 6 in Axes
  4465 | D:4      | Reached skill level 1 in Dodging
  4465 | D:4      | Reached XP level 8. HP: 30/60 MP: 8/8
  4588 | D:4      | Found a burning altar of Makhleb.
  4827 | D:5      | Noticed Grinder
  4856 | D:5      | Killed Grinder
  4856 | D:5      | Reached skill level 7 in Axes
  4856 | D:5      | Reached skill level 5 in Stealth
  4863 | D:5      | Reached XP level 9. HP: 30/65 MP: 9/9
  4888 | D:4      | Reached * piety under Wu Jian
  5131 | D:5      | Found an iron altar of Okawaru.
  5262 | D:5      | Killed Prince Ribbit
  5262 | D:5      | Reached skill level 8 in Axes
  5356 | D:5      | Found a staircase to the Ecumenical Temple.
  5459 | D:6      | Found a shimmering altar of Xom.
  5464 | D:6      | Found a shimmering altar of Xom.
  5464 | D:6      | Found a shimmering altar of Xom.
  5500 | D:6      | Found a shimmering altar of Xom.
  5500 | D:6      | Found a shimmering altar of Xom.
  6028 | D:6      | Found an ancient bone altar of Kikubaaqudgha.
  6364 | D:7      | Reached ** piety under Wu Jian
  6534 | D:7      | Reached XP level 10. HP: 71/71 MP: 10/10
  6558 | D:7      | Reached skill level 9 in Axes
  6709 | D:7      | Noticed Harold
  6727 | D:7      | Killed Harold
  7490 | D:8      | Reached skill level 10 in Axes
  7490 | D:8      | Reached skill level 5 in Dodging
  7495 | D:8      | Reached *** piety under Wu Jian
  7825 | D:8      | Noticed a two-headed ogre
  7834 | D:8      | Killed a two-headed ogre
  7834 | D:8      | Reached XP level 11. HP: 76/76 MP: 11/11
  8597 | D:9      | Reached skill level 11 in Axes
  8657 | D:9      | Reached **** piety under Wu Jian
  8784 | D:9      | Found a hide-covered altar of Uskayaw.
  8997 | D:10     | Entered Level 10 of the Dungeon
  9082 | D:10     | Found a staircase to the Orcish Mines.
  9151 | D:10     | Found a portal to a secret trove of treasure.
  9453 | D:10     | Reached skill level 10 in Stealth
  9574 | D:11     | Noticed a cyclops
  9576 | D:11     | Found a staircase to the Lair.
  9963 | D:11     | Reached skill level 12 in Axes
  9985 | D:11     | Noticed a two-headed ogre
  9997 | D:11     | Killed a two-headed ogre
 10006 | D:11     | Found a basalt altar of Yredelemnul.
 10007 | D:11     | Reached ***** piety under Wu Jian
 10010 | D:11     | Reached XP level 12. HP: 81/83 MP: 12/12
 10503 | D:12     | Noticed a two-headed ogre
 10515 | D:12     | Killed a two-headed ogre
 10536 | D:12     | Found Hyolizxe's Jewellery Boutique.
 10538 | D:12     | Noticed a two-headed ogre
 10539 | D:12     | Noticed an ogre mage
 10573 | D:12     | Killed an ogre mage
 10577 | D:12     | Killed a two-headed ogre
 10577 | D:12     | Reached skill level 13 in Axes
 10620 | D:12     | Bought the ring of Jaozuc {Fire -Tele rPois Str+3 Stlth+}
                  | for 397 gold pieces
 10771 | D:12     | Reached skill level 5 in Fighting
 11382 | Lair:1   | Entered Level 1 of the Lair of Beasts
 12293 | Lair:2   | Reached XP level 13. HP: 86/93 MP: 13/13
 12888 | Lair:3   | Found a hole to the Spider Nest.
 12940 | Lair:3   | Reached skill level 14 in Axes
 14512 | Lair:4   | Reached ****** piety under Wu Jian
 14759 | Lair:4   | Noticed a four-headed hydra
 14810 | Lair:4   | Killed a four-headed hydra
 14810 | Lair:4   | Reached XP level 14. HP: 44/104 MP: 14/14
 14944 | Lair:4   | Reached skill level 1 in Evocations
 14956 | Lair:4   | Found a staircase to the Shoals.
 15396 | Lair:5   | Reached skill level 15 in Axes
 16160 | Lair:6   | Entered Level 6 of the Lair of Beasts
 16737 | Lair:6   | Found a hide-covered altar of Uskayaw.
 17021 | Lair:6   | Reached skill level 10 in Dodging
 17225 | Lair:6   | Learned a level 2 spell: Swiftness
 17363 | Lair:6   | Reached XP level 15. HP: 111/113 MP: 18/18
 17400 | Lair:6   | Reached skill level 1 in Charms
 17595 | Lair:6   | HP: 4/113 [eight-headed hydra (13)]
 17595 | Lair:6   | Slain by an eight-headed hydra

Levels and vault maps discovered:
D:1:      dpeg_arrival_pond, layout_basic
D:2:      layout_basic
D:3:      layout_basic, old_standard_altar, grunt_temple_overflow_diamond,
          first_ration, chequers_big_river, uniq_robin
D:4:      layout_rooms, makhleb_heckhound_becter, overflow_temple_1_default
D:5:      layout_rooms, temple_green, serial_shops, shop,
          okawaru_metal_pillars_1_2, uniq_grinder, uniq_prince_ribbit1
D:6:      layout_cave_pods, lemuel_zombie_altar_kikubaaqudgha, xom_redecorated
D:7:      layout_gridville, uniq_harold
D:8:      layout_basic
D:9:      layout_rooms, nicolae_overflow_crystal_walls
D:10:     layout_big_octagon, minmay_orc_entry_guard_dogs,
          nicolae_trove_entry_free_sample, hangedman_little_slice_of_home
D:11:     layout_rooms, minmay_lair_entry_grove, basic_altar
D:12:     layout_basic, serial_shops, shop
Lair:1:   layout_cave_pods, patterned_corridor, grunt_megastairs_5
Lair:2:   layout_roguey
Lair:3:   layout_chaotic_city, spider_nest_entry_rubble, serial_bayou_lake_a,
          lemuel_fruit_tree
Lair:4:   regret_index_bee_streams, layout_regular_city,
          elwin_shoals_entry_rooms, st_stairs_12
Lair:5:   layout_small_grid, kennysheep_catoblepas_arena, grunt_megastairs_4
Lair:6:   gammafunk_lair_ancient_temple, layout_layer_cave,
          minmay_slime_entry_oklob_enclosed, basic_altar,
          grunt_forest_large_clearings, minmay_lair_oklob_chamber

Skill      XL: |  1  2  3  4  5  6  7  8  9 10 11 12 13 14 15 |
---------------+----------------------------------------------+-----
Shields        | 4 5 6 7 8 9 |  9.0
Axes           | 3 4 5 6 7 8 10 12 13 14 15 | 15.8
Stealth        | 2 3 5 7 8 10 11 13 14 | 14.2
Dodging        | 1 2 4 5 7 8 9 10 | 10.0
Fighting       | 5 7 9 |  9.1
Evocations     | 4 |  4.5
Charms         | 1 |  1.8
Armour         | |  3.6

Action                   |  1- 3 |  4- 6 |  7- 9 | 10-12 | 13-15 || total
-------------------------+-------+-------+-------+-------+-------++-------
Melee: War axe           |   105 |   173 |   416 |   554 |       ||  1248
       Hand axe          |       |       |       |   307 |  1049 ||  1356
       Dire flail        |       |       |       |       |    84 ||    84
Invok: Lunge             |       |     4 |    15 |    47 |    33 ||    99
       Whirlwind         |       |       |     6 |    20 |    63 ||    89
Evoke: Wand              |       |       |     2 |     4 |       ||     6
       Sack of spiders   |       |       |       |       |     1 ||     1
  Use: Scroll            |       |       |     7 |    13 |     6 ||    26
       Potion            |       |       |     3 |     1 |     2 ||     6
 Stab: Paralysed         |       |       |     4 |     6 |       ||    10
       Sleeping          |       |       |     5 |    38 |    11 ||    54
       Distracted        |       |       |       |     1 |     9 ||    10
  Eat: Ration            |       |     1 |     1 |     3 |     2 ||     7
       Chunk             |       |     5 |     8 |    11 |    10 ||    34
Armor: Scale mail        |    46 |    55 |       |       |       ||   101
       Plate armour      |       |    43 |    43 |       |       ||    86
       Leather armour    |       |       |    59 |    65 |   124 ||   248
Dodge: Dodged            |    33 |    53 |   227 |   326 |   535 ||  1174
Block: Shield            |    71 |   101 |   245 |   418 |   585 ||  1420

Table legend:
 A = Non-vault XP
 B = Vault XP
 C = Vault XP percentage of total XP
 D = Non-vault monster count
 E = Vault monster count
 F = Vault count percentage of total count
                 A         B        C        D         E       F
            +---------+---------+-------+---------+---------+-------
      Total |   45697 |   30206 |  39.8 |     413 |     158 |  27.7
            +---------+---------+-------+---------+---------+-------
        D:1 |      37 |       0 |   0.0 |      22 |       0 |   0.0
        D:2 |     102 |       0 |   0.0 |      26 |       0 |   0.0
        D:3 |     302 |      32 |   9.6 |      24 |      11 |  31.4
        D:4 |     607 |      45 |   6.9 |      18 |       1 |   5.3
        D:5 |    1212 |     572 |  32.1 |      27 |       2 |   6.9
        D:6 |     366 |       2 |   0.5 |      11 |       1 |   8.3
        D:7 |    1489 |     987 |  39.9 |      31 |       1 |   3.1
        D:8 |    2593 |       0 |   0.0 |      35 |       0 |   0.0
        D:9 |    1885 |       0 |   0.0 |      31 |       0 |   0.0
       D:10 |    1329 |     680 |  33.8 |      22 |      11 |  33.3
       D:11 |    2542 |    2477 |  49.4 |      17 |      12 |  41.4
       D:12 |    6634 |       0 |   0.0 |      26 |       0 |   0.0
     Lair:1 |    2324 |     582 |  20.0 |      10 |       3 |  23.1
     Lair:2 |    3581 |       0 |   0.0 |      20 |       0 |   0.0
     Lair:3 |    6397 |     301 |   4.5 |      37 |       1 |   2.6
     Lair:4 |     335 |    9880 |  96.7 |       2 |      56 |  96.6
     Lair:5 |    5754 |    3473 |  37.6 |      24 |      10 |  29.4
     Lair:6 |    8208 |   11175 |  57.7 |      30 |      49 |  62.0
            +---------+---------+-------+---------+---------+-------
